 Dungeon Crawl Stone Soup version 0.27.0-1-g7a089689b8 (webtiles) character file.

Game seed: 9864402882330344408

1047 x13thangelx the Cleaver (level 8, -2/70 HPs)
             Began as a Hill Orc Berserker on Aug 1, 2021.
             Was an Initiate of Beogh.
             Slain by a two-headed ogre (8 damage)
             ... on level 5 of the Dungeon.
             The game lasted 00:21:33 (5080 turns).

x13thangelx the Cleaver (Hill Orc Berserker)        Turns: 5080, Time: 00:21:33

Health: -2/70      AC: 15    Str: 27    XL:     8   Next: 25%
Magic:  8/8        EV:  8    Int:  7    God:    Beogh [......]
Gold:   184        SH:  0    Dex: 11    Spells: 7/7 levels left

rFire    . . .     SeeInvis .   a - +1 hand axe
rCold    . . .     Faith    .   (no shield)
rNeg     . . .     Spirit   .   m - +0 plate armour
rPois    .         Reflect  .   y - +2 helmet
rElec    .         Harm     .   (no cloak)
rCorr    .         Rampage  .   (no gloves)
Will     .....                  (no boots)
Stlth    ..........             (no amulet)
HPRegen  0.21/turn              g - +6 ring of strength
MPRegen  0.11/turn              (no ring)

@: no status effects
A: no striking features
a: Renounce Religion


You were on level 5 of the Dungeon.
You worshipped Beogh.
Beogh was noncommittal.
You visited 2 branches of the dungeon, and saw 6 of its levels.

You collected 184 gold pieces.

Inventory:

Hand Weapons
 a - a +1 hand axe (weapon)
 d - a +2 whip of freezing
 h - a +2 short sword of flaming
 j - a +0 hunting sling
 s - a +0 trident of protection
Missiles
 i - 71 stones
 k - 83 arrows
 n - 39 sling bullets
 p - 3 boomerangs
 A - 21 bolts
Armour
 b - a +0 animal skin
 f - a +1 helmet
 m - a +0 plate armour (worn)
 v - the +1 robe of Mepuf {rCorr Int-5 SInv}
   (You found it on level 4 of the Dungeon)

   Int:       It affects your intelligence (-5).
   SInv:      It lets you see invisible.
   rCorr:     It protects you from acid and corrosion.
 x - a +0 tower shield
 y - a +2 helmet (worn)
Magical Staves
 c - a staff of cold
Jewellery
 g - a +6 ring of strength (left hand)
Wands
 B - a wand of iceblast (12)
Scrolls
 q - 2 scrolls of identify
 t - 2 scrolls of immolation
Potions
 e - 2 potions of degeneration
 l - 2 potions of attraction
 r - 2 potions of flight {unknown}
 u - a potion of heal wounds {unknown}
 w - a potion of berserk rage {unknown}
 z - a potion of mutation {unknown}


   Skills:
 + Level 6.1 Fighting
 + Level 9.1 Axes
 + Level 1.3 Throwing
 + Level 5.8 Armour
 + Level 2.1 Dodging
 + Level 0.1 Stealth


You had 7 spell levels left.
You didn't know any spells.
Your spell library contained the following spells:

 Spells                   Type           Power      Damage    Failure   Level
 Magic Dart               Conj           0%         1d3       99%         1
 Summon Small Mammal      Summ           0%         N/A       99%         1
 Blink                    Tloc           N/A        N/A       100%        2
 Searing Ray              Conj           0%         3d3       100%        2
 Call Canine Familiar     Summ           0%         N/A       100%        3
 Ignite Poison            Fire/Tmut/Pois 0%         N/A       100%        3
 Lesser Beckoning         Tloc           0%         N/A       100%        3
 Mephitic Cloud           Conj/Pois/Air  0%         N/A       100%        3
 Summon Guardian Golem    Hex/Summ       0%         N/A       100%        3
 Fulminant Prism          Conj/Hex       0%         3d6       100%        4
 Bolt of Magma            Conj/Fire/Erth 0%         4d4       100%        5
 Manifold Assault         Tloc           0%         N/A       100%        5


Dungeon Overview and Level Annotations

Branches:
Dungeon (5/15)             Temple (1/1) D:4

Altars:
Ashenzari
Cheibriados
Dithmenos
Elyvilon
Fedhas
Gozag
Kikubaaqudgha
Makhleb
Nemelex Xobeh
Okawaru
Qazlal
Ru
Sif Muna
Wu Jian
Xom
Zin
The Shining One


Message History

The orc priest closely misses you.
The orc priest shouts!
The orc priest begins to cast a cantrip, but forgets the words!
The orc priest casts a cantrip, but nothing happens.
Found a scroll labelled GEL HIEMAMUU.
You barely miss the orc priest. You hit the two-headed ogre.
The two-headed ogre hits you with a +0 giant spiked club!
The two-headed ogre hits you with a +0 giant spiked club.
* * * LOW HITPOINT WARNING * * *
The orc priest looks satisfied for a moment.
You completely miss the orc priest. You hit the orc priest.
You hit the two-headed ogre. The orc priest barely misses you.
The orc priest hits you but does no damage.
The two-headed ogre hits you with a +0 giant spiked club!
* * * LOW HITPOINT WARNING * * *
The two-headed ogre hits you but does no damage.
The orc priest shouts, "Surrender to Beogh and we'll let you live!"
Okay, then.
Unknown command.
You bow before the missionary of Beogh.
You have lost your religion!
Trog does not appreciate desertion!
Beogh welcomes you!
With a roar of approval, the orcs welcome you as one of their own, and spare your life.
The orc priest hits the two-headed ogre with a +0 flail.
Unknown command.
Unknown command.
You swap places.
The two-headed ogre closely misses the orc priest.
The two-headed ogre hits the orc priest with a +0 giant spiked club!
The orc priest dies!
The two-headed ogre barely misses the orc priest.
The two-headed ogre closely misses the orc priest.
The orc wizard hits the two-headed ogre with a +0 dagger.
The orc wizard hits the two-headed ogre but does no damage.
Found a stone staircase leading down.
The orc priest hits the two-headed ogre but does no damage.
The two-headed ogre barely misses you.
The two-headed ogre hits you with a +0 giant spiked club!
You die...

.....## ..>.... .......
..# ##....... ...
####........ . .
............... #...
..###......... ##.#.
#.#...@...?... ##....
#.#.#O##......
.#...#.####....o#.....##
........................
.........##...o..(....##
.............)....... #
##.#...[............
#..............$...
.##.#....###.......#.


You could see a two-headed ogre, a neutral orc priest (wandering) and a neutral
orc wizard (wandering).

Vanquished Creatures
  Pikel (D:5)
  An ogre (D:5)
  A necrophage (D:3)
  A water moccasin zombie (D:5)
  A centaur zombie (D:4)
  A hound (D:4)
  3 iguanas
  A scorpion zombie (D:5)
  Robin (D:4)
  3 adders
  A gnoll (D:2)
  A white imp (D:5)
  A worm (D:2)
  3 dart slugs
  3 orcs (D:3)
  6 endoplasms
  A giant cockroach (D:1)
  14 goblins
  9 hobgoblins
  14 jackals
  5 quokkas
  6 ball pythons
  5 bats
  2 frilled lizards (D:1)
  4 kobolds
  6 rats
95 creatures vanquished.

Vanquished Creatures (others)
  An orc priest (D:5)
  2 orc wizards (D:3)
3 creatures vanquished.

Grand Total: 98 creatures vanquished

Notes
Turn   | Place    | Note
-------+----------+-------------------------------------------
     0 | D:1      | x13thangelx the Hill Orc Berserker began the quest for the
                  | Orb.
     0 | D:1      | Reached XP level 1. HP: 19/19 MP: 1/1
    21 | D:1      | Noticed an eye of devastation
    25 | D:1      | Found a faded altar of an unknown god.
    27 | D:1      | Noticed a great orb of eyes
    27 | D:1      | Noticed a golden eye
    27 | D:1      | Noticed a floating eye
   220 | D:1      | Reached XP level 2. HP: 24/27 MP: 2/2
   692 | D:1      | Reached ** piety under Trog
   757 | D:1      | Reached XP level 3. HP: 33/33 MP: 3/3
  1297 | D:2      | Reached skill level 5 in Axes
  1589 | D:2      | Reached XP level 4. HP: 30/40 MP: 4/4
  2302 | D:3      | Reached skill level 6 in Axes
  2302 | D:3      | Reached XP level 5. HP: 4/47 MP: 5/5
  2635 | D:3      | Reached *** piety under Trog
  3081 | D:3      | Noticed a necrophage
  3094 | D:3      | Killed a necrophage
  3228 | D:3      | Found a shimmering blue altar of Sif Muna.
  3464 | D:4      | Identified the +1 robe of Mepuf {rCorr Int-5 SInv}
  3601 | D:3      | Reached XP level 6. HP: 23/55 MP: 6/6
  3939 | D:4      | Found a burning altar of Makhleb.
  3975 | D:4      | Reached skill level 7 in Axes
  4073 | D:4      | Noticed Robin
  4078 | D:4      | Killed Robin
  4181 | D:4      | Reached skill level 5 in Fighting
  4391 | D:4      | Found a staircase to the Ecumenical Temple.
  4397 | Temple   | Entered the Ecumenical Temple
  4668 | D:4      | Found a sacrificial altar of Ru.
  4924 | D:5      | Entered Level 5 of the Dungeon
  4942 | D:5      | Reached skill level 1 in Throwing
  4942 | D:5      | Reached XP level 7. HP: 21/61 MP: 7/7
  4957 | D:5      | Noticed Pikel
  4972 | D:5      | Killed Pikel
  4973 | D:5      | Reached skill level 8 in Axes
  4973 | D:5      | Reached skill level 5 in Armour
  4973 | D:5      | Reached XP level 8. HP: 60/70 MP: 8/8
  4978 | D:5      | Reached skill level 9 in Axes
  5066 | D:5      | Noticed a two-headed ogre
  5072 | D:5      | Fell from the grace of Trog
  5072 | D:5      | Became a worshipper of Beogh the Brigand
  5080 | D:5      | Slain by a two-headed ogre

Illustrated notes

Levels and vault maps discovered:
D:1:      minmay_arrival_five_plusses, layout_loops_ring,
          hellmonk_ecumenical_altar_watching_god, minmay_stone_trees_small,
          minmay_stone_trees_medium
D:2:      minmay_wonky_spiral, layout_loops_cross
D:3:      layout_loops_cross, led_sif_book, serial_glass, glass_columns_c,
          glass_columns_c, glass_columns_a, glass_columns_a, glass_columns_b,
          glass_columns_a, minmay_strange_pillars, item_on_display_a,
          due_unseen_surprise, feat_on_display
D:4:      layout_gridville, mainiacjoe_overflow_catwalk, lemuel_tele_altar,
          minmay_temple_entry_fiery, uniq_robin
D:5:      layout_rooms, kennysheep_mini_moat, serial_shops,
          nicolae_lakefront_shop, uniq_pikel
Temple:   eino_temple_water

Skill      XL: |  1  2  3  4  5  6  7  8 |
---------------+-------------------------+-----
Fighting       | 4 5 6 |  6.1
Axes           | 5 6 7 8 9 |  9.1
Dodging        | 2 |  2.1
Armour         | 3 4 5 |  5.8
Throwing       | 1 |  1.3
Stealth        | |  0.1

Action                   |  1- 3 |  4- 6 |  7- 9 || total
-------------------------+-------+-------+-------++-------
Melee: Hand axe          |   146 |   213 |    17 ||   376
Throw: Stone             |       |    13 |       ||    13
Invok: Berserk           |       |     1 |     1 ||     2
       Convert to Beogh  |       |       |     1 ||     1
  Use: Scroll            |     2 |     5 |       ||     7
       Potion            |       |       |     2 ||     2
Armor: Animal skin       |    28 |       |       ||    28
       Plate armour      |    41 |   155 |    14 ||   210
Dodge: Dodged            |   105 |    90 |    11 ||   206
